 Dungeon Crawl Stone Soup version 0.21.1-1-g345015fe64 (webtiles) character file.

39 Oravi the Insei (level 3, 0/26 HPs)
             Began as a Merfolk Transmuter on Apr 10, 2018.
             Slain by a hobgoblin
             ... wielding a +0 spear
              (7 damage)
             ... on level 2 of the Dungeon.
             The game lasted 00:03:38 (1131 turns).

Oravi the Insei (Merfolk Transmuter)                Turns: 1131, Time: 00:03:39

Health: 0/26       AC:  3    Str: 10    XL:     3   Next: 45%
Magic:  6/6        EV: 13    Int: 13    God:
Gold:   65         SH:  0    Dex: 14    Spells: 0/6 levels left

rFire    . . .     SeeInvis .     - Unarmed
rCold    . . .     Gourm    .   (no shield)
rNeg     . . .     Faith    .   b - +1 robe
rPois    .         Spirit   .   (no helmet)
rElec    .         Reflect  .   (no cloak)
rCorr    .         Harm     .   (no gloves)
MR       .....                  (no boots)
Stlth    +.........             l - amulet of inaccuracy (curse)
HPRegen  0.08/turn              (no ring)
MPRegen  0.10/turn              (no ring)

@: no status effects
A: change form in water, swift swim, stealthy swim
a: no special abilities


You were on level 2 of the Dungeon.
You were not hungry.

You visited 1 branch of the dungeon, and saw 2 of its levels.

You collected 65 gold pieces.

Inventory:

Missiles
 a - 12 arrows
Armour
 b - a +1 robe (worn)
Jewellery
 l - a cursed amulet of inaccuracy (around neck)
Scrolls
 e - a scroll of amnesia
 f - a scroll of identify
Potions
 k - a potion of heal wounds
Books
 c - a book of Changes

   Spells                             Type                      Level
   a - Beastly Appendage              Transmutation                1
   b - Sticks to Snakes               Transmutation                2
   c - Spider Form                    Transmutation/Poison         3
   d - Ice Form                       Ice/Transmutation            4
   e - Blade Hands                    Transmutation                5
Comestibles
 d - 2 rations
 h - 2 chunks of flesh


   Skills:
 + Level 1.5 Fighting
 + Level 2.7 Dodging
 + Level 4.3 Unarmed Combat
 - Level 2.0 Spellcasting
 * Level 3.3 Transmutations
 * Level 0.1 Poison Magic


You couldn't memorise any spells.
You knew the following spells:

 Your Spells              Type           Power        Failure   Level  Hunger
a - Beastly Appendage     Tmut           #.....       6%          1    ##.....
b - Sticks to Snakes      Tmut           #.......     10%         2    ###....
c - Spider Form           Tmut/Pois      #.........   36%         3    ####...


Dungeon Overview and Level Annotations

Branches:
Dungeon (2/15)

Altars:


Message History

You are too injured to fight recklessly!
You are too injured to fight recklessly!
You are too injured to fight recklessly!
You closely miss the hobgoblin. You headbutt the hobgoblin.
The hobgoblin is moderately wounded.
The hobgoblin hits you with a spear.
You closely miss the hobgoblin.
The hobgoblin is moderately wounded.
The hobgoblin barely misses you.
You hit the hobgoblin but do no damage.
The hobgoblin is moderately wounded.
The hobgoblin hits you with a spear.
* * * LOW HITPOINT WARNING * * *
The hobgoblin hits you from afar with a spear.
* * * LOW HITPOINT WARNING * * *
Your transformation is almost over.
Your horns disappear.
You see here a robe.
The hobgoblin hits you from afar with a spear!
You die...

#.# #.##.# #.# #.##.#
#.# #.##.# ##.##
#.##.###
#########>#.#####
#...>..#
#........###....#
#..###.#
#.#####)#.#.#.#.#
#..# #.# #.#
#.##.##.#.# #..###.#
#.# #.<.@.....#
#......# #.#
#.#...#.######.#.####
#.#
#.....g.##..[..#.#
#.#
#...........####.#
#.#
##.....###.....#.#
#.#######)..##
##.##.#.#
#..........##
#.##.#.# ############
#.##.#.# #.##.#


You could see a hobgoblin.

Vanquished Creatures
  A dart slug (D:1)
  3 giant cockroaches
  3 goblins (D:1)
  5 hobgoblins
  8 jackals (D:1)
  2 bats (D:1)
  3 frilled lizards (D:1)
  4 kobolds
  4 rats (D:1)
33 creatures vanquished.

Notes
Turn   | Place    | Note
-------+----------+-------------------------------------------
     0 | D:1      | Oravi the Merfolk Transmuter began the quest for the Orb.
     0 | D:1      | Reached XP level 1. HP: 15/15 MP: 3/3
    34 | D:1      | Reached XP level 2. HP: 4/21 MP: 3/5
   368 | D:1      | Reached skill level 4 in Unarmed Combat
   590 | D:1      | Reached XP level 3. HP: 21/26 MP: 4/6
   724 | D:1      | Learned a level 2 spell: Sticks to Snakes
   728 | D:1      | Learned a level 3 spell: Spider Form
  1131 | D:2      | Slain by a hobgoblin

Skill      XL: |  1  2 |
---------------+-------+-----
Transmutations | 3 |  3.3
Unarmed Combat | 4 |  4.3
Fighting       | |  1.5
Dodging        | |  2.7
Spellcasting   | |  2.0
Poison Magic   | |  0.1

Action                   || total
-------------------------++-------
Melee: Unarmed           ||   118
       Headbutt          ||    14
       Tailslap          ||     3
       Punch             ||     3
 Cast: Beastly Appendage ||    15
       Spider Form       ||     1
  Use: Scroll            ||     5
  Eat: Chunk             ||     1
Armor: Robe              ||    20
Dodge: Dodged            ||    71
